 Dungeon Crawl Stone Soup version 0.21-a0-538-gd16b88a (webtiles) character file.

72 Alarkh the Grave Robber (level 4, 18/30 HPs)
             Began as a Demonspawn Necromancer on Dec 16, 2017.
             Got out of the dungeon alive.
             The game lasted 00:02:47 (1800 turns).

Alarkh the Grave Robber (Demonspawn Necromancer)    Turns: 1800, Time: 00:02:48

Health: 18/30      AC:  6    Str:  8    XL:     4   Next: 6%
Magic:  17/17      EV: 12    Int: 18    God:
Gold:   20         SH:  0    Dex: 13    Spells: 8/9 levels left

rFire    . . .     SeeInvis +   a - +0 halberd
rCold    . . .     Gourm    .   (shield currently unavailable)
rNeg     . . .     Faith    .   l - +0 robe
rPois    .         Spirit   .   (no helmet)
rElec    .         Reflect  .   (no cloak)
rCorr    .         Harm     .   (no gloves)
MR       .....                  (no boots)
Stlth    ++........             (no amulet)
HPRegen  0.10/turn              e - ring of magical power
MPRegen  0.15/turn              h - ring of see invisible

@: no status effects
A: iridescent scales 2
a: no special abilities


You escaped.
You were not hungry.

You visited 1 branch of the dungeon, and saw 2 of its levels.

You collected 20 gold pieces.

Inventory:

Hand Weapons
 a - a +0 halberd (weapon)
Armour
 l - a +0 robe (worn)
Jewellery
 e - a ring of magical power (left hand)
 h - a ring of see invisible (right hand)
Scrolls
 d - a scroll of enchant weapon {unknown}
 i - a scroll of blinking
 j - 2 scrolls of teleportation {unknown}
 k - a scroll of remove curse {unknown}
 o - a scroll of fog {unknown}
Potions
 f - a potion of degeneration
 g - a potion of lignification {unknown}
 m - a potion of resistance {unknown}
Books
 b - a book of Necromancy

   Spells                             Type                      Level
   a - Pain                           Necromancy                   1
   b - Animate Skeleton               Necromancy                   1
   c - Vampiric Draining              Necromancy                   3
   d - Regeneration                   Charms/Necromancy            3
   e - Animate Dead                   Necromancy                   4
   f - Control Undead                 Necromancy                   4
Comestibles
 c - a bread ration
 n - 3 chunks of flesh


   Skills:
 - Level 1.7 Dodging
 - Level 1.7 Stealth
 + Level 3.1 Spellcasting
 + Level 5.3 Necromancy


You had 8 spell levels left.
You knew the following spells:

 Your Spells              Type           Power        Failure   Level  Hunger
a - Pain                  Necr           ###.         1%          1    None


Dungeon Overview and Level Annotations

Branches:
Dungeon (2/15)

Altars:


Innate Abilities, Weirdness & Mutations

You are mostly covered in iridescent scales. (AC +4)


Message History

The leopard gecko writhes in agony!
The leopard gecko closely misses you.
Casting: Pain
Confirm with . or Enter, or press ? or * to list all spells.
Aiming: Pain
Press: ? - help, Shift-Dir - straight line, f/p - leopard gecko
Aim: a leopard gecko (severely wounded, clinging, chance to defeat MR: 91%)
The leopard gecko writhes in agony!
You kill the leopard gecko!
Casting: Pain
Confirm with . or Enter, or press ? or * to list all spells.
You can't see any susceptible monsters within range! (Use Z to cast anyway.)
n - 6 chunks of flesh (gained 2) Some of the chunks of flesh in your inventory have rotted away.
There is a stone staircase leading up here.
You climb upwards.
There is a stone staircase leading down here.
You see here a club.
There is a staircase leading out of the dungeon here.
Are you sure you want to leave the Dungeon?
This will make you lose the game!
You have escaped!

.#### #.##.#.# ####...### .#
#.##.#.#####......#
.########.#...............#
.#.....##...♣♣♣♣♣♣♣♣♣.....######
.#.###.###..♣PP..PP..♣)........##
.#.# #.##...♣PP..P...♣......#....
.#.###.##...♣..PP...P♣.........##
##.....##...♣..P...PP♣.>..######
#####.##...♣PP.@.P..♣....#
#.##...♣P...PP..♣....#
######......♣...P..PP♣....#
............♣((PP..PP♣....#
.######..)...♣♣♣♣♣♣♣♣♣.####### .#
#.#....................# .#
#.......##.######.####.# ##
##########.##........#.###
#.##.###.##.....#


There were no monsters in sight!

Vanquished Creatures
  A gnoll (D:1)
  2 adders (D:2)
  2 dart slugs
  3 leopard geckos
  A giant cockroach (D:1)
  7 goblins
  6 hobgoblins
  5 kobolds (D:1)
  3 bats (D:1)
  3 frilled lizards
  5 rats
38 creatures vanquished.

Notes
Turn   | Place    | Note
-------+----------+-------------------------------------------
     0 | D:1      | Alarkh the Demonspawn Necromancer began the quest for the Orb.
     0 | D:1      | Reached XP level 1. HP: 13/13 MP: 3/3
   397 | D:1      | Gained mutation: You are partially covered in iridescent scales. (AC +2) [demonic ancestry]
   397 | D:1      | Reached XP level 2. HP: 18/19 MP: 5/5
   959 | D:1      | Reached skill level 5 in Necromancy
   959 | D:1      | Reached XP level 3. HP: 9/24 MP: 7/7
  1675 | D:2      | Gained mutation: You are mostly covered in iridescent scales. (AC +4) [demonic ancestry]
  1675 | D:2      | Reached XP level 4. HP: 25/30 MP: 8/8
  1800 | D:$      | Got out of the dungeon alive.

Vault maps used:
D:1:      scummos_arrival_checkerplants
D:2:      first_bread, uniq_natasha

Skill      XL: |  1  2  3 |
---------------+----------+-----
Necromancy     | 5 |  5.3
Spellcasting   | 3 |  3.1
Dodging        | |  1.7
Stealth        | |  1.7

Action                   |  1- 3 |  4- 6 || total
-------------------------+-------+-------++-------
Melee: Halberd           |    22 |    13 ||    35
 Cast: Pain              |    57 |     4 ||    61
  Use: Scroll            |     2 |       ||     2
 Stab: Sleeping          |     3 |       ||     3
  Eat: Chunk             |     3 |       ||     3
Armor: Robe              |    10 |     2 ||    12
Dodge: Dodged            |    18 |    13 ||    31

Table legend:
 A = Spawn XP
 B = Non-spawn XP
 C = Spawn XP percentage of total XP
 D = Spawn monster count
 E = Non-spawn monster count
 F = Spawn count percentage of total count
 G = Total turns spent on level
                    A         B        C        D         E        F      G
               +---------+---------+-------+---------+---------+-------+---------
         Total |       0 |     103 |   0.0 |       0 |      38 |   0.0 |  1800
               +---------+---------+-------+---------+---------+-------+---------
           D:1 |       0 |      58 |   0.0 |       0 |      27 |   0.0 |  1452
           D:2 |       0 |      45 |   0.0 |       0 |      11 |   0.0 |   348
               +---------+---------+-------+---------+---------+-------+---------
